 Dungeon Crawl Stone Soup version 0.20-a0-839-gdaf5c57 (console) character file.

4617 nht the Grappler (level 10, -1/71 HPs)
             Began as a Yellow Draconian Transmuter on Mar 8, 2017.
             Was a Believer of Ru.
             Killed from afar by an electric eel (3 damage)
             ... with a bolt of electricity
             ... in a bailey.
             The game lasted 00:20:01 (7905 turns).

nht the Grappler (Yellow Draconian Transmuter)      Turns: 7905, Time: 00:20:02

Health: -1/71      AC:  8    Str: 13    XL:     10   Next: 19%
Magic:  0/13       EV:  8    Int: 17    God:    Ru [**....]
Gold:   378        SH:  0    Dex: 11    Spells: 3/13 levels left

rFire    . . .     SeeInvis .     - Unarmed
rCold    . . .     Gourm    .   (armour unavailable)
rNeg     . . .     Faith    .   (no shield)
rPois    .         Spirit   +   (helmet restricted)
rElec    .         Reflect  .   (no cloak)
rCorr    +         Harm     .   (no gloves)
MR       .....                  l - +0 pair of boots
Stlth    +.........             A - amulet of guardian spirit
Regen    0.3/turn               (no ring)
MPRegen  0.2/turn               m - +1 ring of evasion

@: no status effects
A: spit acid, acid resistance, unfitting armour, cold-blooded, reduced EV 1, AC
+7
a: Breathe Acid, Renounce Religion


You were in a bailey.
You worshipped Ru.
Ru was pleased with you.
You were not hungry.

You visited 2 branches of the dungeon, and saw 9 of its levels.
You also visited: Sewer, Ossuary and Bailey.

You collected 378 gold pieces.

Inventory:

Hand Weapons
 o - the +4 spear of the Heavens {speed, rC- Str-5 Dex+4 Stlth+, unknown}
   (You found it in a bailey)

   Attacks with this weapon are significantly faster.
   It affects your strength (-5).
   It affects your dexterity (+4).
   It makes you vulnerable to cold.
   It makes you more stealthy.
Missiles
 a - 126 arrows
Armour
 l - a +0 pair of boots (worn)
 p - the +2 shield of Resistance {rF+ rC+ MR+}
   (You found it in a bailey)

   It protects you from fire.
   It protects you from cold.
   It affects your resistance to hostile enchantments.
Jewellery
 m - a +1 ring of evasion (left hand)
 A - an amulet of guardian spirit (around neck)
Wands
 k - a wand of confusion (7/48)
 r - a wand of lightning (7/15)
Scrolls
 e - 5 scrolls of identify
 t - 2 scrolls of remove curse
 v - a scroll of magic mapping
 x - 2 scrolls of teleportation
 y - a scroll of fog
 z - 2 scrolls of blinking
Potions
 d - 8 potions of heal wounds
 f - 3 potions of curing
 i - 3 potions of haste
 j - a potion of invisibility
 s - 2 potions of resistance
 u - a potion of flight
 w - a potion of agility
 C - a potion of brilliance
Books
 b - a book of Changes

   Spells                             Type                      Level
   a - Beastly Appendage              Transmutation                1
   b - Sticks to Snakes               Transmutation                2
   c - Spider Form                    Transmutation/Poison         3
   d - Ice Form                       Ice/Transmutation            4
   e - Blade Hands                    Transmutation                5
 h - a book of Necromancy

   Spells                             Type                      Level
   a - Pain                           Necromancy                   1
   b - Animate Skeleton               Necromancy                   1
   c - Vampiric Draining              Necromancy                   3
   d - Regeneration                   Charms/Necromancy            3
   e - Animate Dead                   Necromancy                   4
   f - Control Undead                 Necromancy                   4
Comestibles
 c - 8 bread rations
 g - a meat ration
 n - 10 chunks of flesh
 q - 3 royal jellies


   Skills:
 - Level 1.1 Fighting
 - Level 1.7 Dodging
 * Level 12.2 Unarmed Combat
 - Level 2.0 Spellcasting
 + Level 9.0 Transmutations


You had 3 spell levels left.
You knew the following spells:

 Your Spells              Type           Power        Failure   Level  Hunger
a - Sticks to Snakes      Tmut           ####....     1%          2    ###....
b - Spider Form           Tmut/Pois      ###.......   10%         3    ###....
c - Blade Hands           Tmut           ####......   14%         5    ######.


Dungeon Overview and Level Annotations

Branches:
Dungeon (8/15)             Temple (1/1) D:7
   Lair: D:8-11

Altars:
Ashenzari
Dithmenos
Fedhas
Gozag
Hepliaklqana
Kikubaaqudgha
Makhleb
Okawaru
Qazlal
Ru
Sif Muna
Trog
Uskayaw
Vehumet
Xom
Yredelemnul
Zin
The Shining One

Annotations:
D:8 Erica, Gastronok


Innate Abilities, Weirdness & Mutations

You can spit globs of acid.
You are resistant to acid.
Your golden yellow scales are hard. (AC +7)
You cannot fit into any form of body armour.
You are cold-blooded and may be slowed by cold attacks.
You have somewhat slow reflexes. (EV -5)


Message History

The electric eel completely resists.
This wand has 7 charges left.
You hear a shout! x2
The electric eel shoots out a bolt of lightning at you!
The bolt of electricity hits you! x2
The electric eel shoots out a bolt of lightning at you!
The bolt of electricity hits the electric eel.
The electric eel completely resists.
The bolt of electricity hits you!
* * * LOW HITPOINT WARNING * * *
The bolt of electricity hits you!
* * * LOW HITPOINT WARNING * * *
You feel much better.
The electric eel shoots out a bolt of lightning at you!
The bolt of electricity hits you! x2
* * * LOW HITPOINT WARNING * * *
The electric eel shoots out a bolt of lightning at you!
The bolt of electricity hits you!
* * * LOW HITPOINT WARNING * * *
The electric eel shoots out a bolt of lightning at you!
The bolt of electricity hits you!
You die...

█....'.'..))█
█....█.█..).█ ≈≈≈≈≈≈
██████.█████████+█≈;≈≈≈≈
'...^.∩.....'..█.≈≈≈≈≈≈≈
██████.██████..█.≈≈≈;≈≈≈
█....█.█..[.█..█.≈≈≈;≈≈≈
█....'.'..[[█..█.≈≈≈≈≈≈≈
█████████████..█.≈≈≈≈≈≈≈
█...........█)██@≈≈≈≈≈≈≈
......_......).'.≈≈≈≈≈≈≈
.............8.█.≈≈≈≈≈≈≈
...............█.≈;≈≈≈≈≈
.███████████)8.█.≈≈≈≈≈≈≈
...███████..)..█.≈≈≈≈≈≈≈
...█.....█...8.█.≈≈≈≈≈≈≈
...█.....█.....█.≈≈≈≈≈≈≈
█..█..⌠..█..████+█≈≈≈≈≈


You could see 4 electric eels.

Vanquished Creatures
  Pikel (D:8)
  An orc knight (Bailey)
  An orc sorcerer (Bailey)
  A centaur zombie (D:6)
  A kobold demonologist (Bailey)
  The ghost of nht the Ruffian, an amateur DrTm of Wu Jian (D:5)
  A hippogriff (D:4)
  Sigmund (D:3)
  3 slaves
  8 orc warriors
  An ogre (D:6)
  3 phantoms
  A centaur (D:6)
  An elf zombie (Ossuary)
  A bullfrog (D:7)
  A scorpion (D:4)
  A bullfrog zombie (D:5)
  4 hounds
  4 orc priests
  A bullfrog skeleton (D:4)
  A centaur skeleton (D:4)
  A human zombie (Ossuary)
  An orc wizard (D:6)
  4 iguanas
  A worker ant (D:4)
  A hound zombie (Ossuary)
  4 mummies (Ossuary)
  A worker ant zombie (D:6)
  9 adders
  3 gnolls (Bailey)
  2 shadow imps (D:6)
  3 oozes
  3 adder zombies
  4 worms
  3 leopard geckos
  28 orcs
  11 giant cockroaches
  10 goblins
  19 hobgoblins
  13 jackals
  A quokka (D:4)
  3 ball pythons (Sewer)
  14 bats
  6 frilled lizards
  A giant cockroach zombie (D:5)
  2 gnoll zombies (Ossuary)
  A goblin zombie (Ossuary)
  6 kobolds
  3 orc zombies (Ossuary)
  6 rats
  A rat zombie (Ossuary)
203 creatures vanquished.

Vanquished Creatures (others)
  A kobold zombie (Ossuary)
1 creature vanquished.

Grand Total: 204 creatures vanquished

Notes
Turn   | Place    | Note
-------+----------+-------------------------------------------
     0 | D:1      | nht the Draconian Transmuter began the quest for the Orb.
     0 | D:1      | Reached XP level 1. HP: 16/16 MP: 3/3
   142 | D:1      | Reached XP level 2. HP: 23/23 MP: 3/5
   617 | D:2      | Reached XP level 3. HP: 20/28 MP: 6/6
   634 | D:2      | Learned a level 3 spell: Spider Form
   812 | D:2      | Found a burning altar of Makhleb.
   820 | D:2      | Reached skill level 4 in Unarmed Combat
   820 | D:2      | Reached XP level 4. HP: 28/35 MP: 7/7
   901 | D:2      | Found a stormy altar of Qazlal.
  1749 | D:3      | Reached skill level 5 in Unarmed Combat
  1749 | D:3      | Reached XP level 5. HP: 40/40 MP: 8/8
  1893 | D:3      | Noticed Sigmund
  1929 | D:3      | Killed Sigmund
  1929 | D:3      | Reached skill level 6 in Unarmed Combat
  1929 | D:3      | Reached XP level 6. HP: 47/47 MP: 5/9
  2363 | D:4      | Your scales start taking on a golden yellow colour.
  2363 | D:4      | Reached XP level 7. HP: 42/52 MP: 7/10
  2377 | D:4      | Found a shadowy altar of Dithmenos.
  2552 | D:4      | Reached skill level 5 in Transmutations
  2557 | D:4      | Reached skill level 7 in Unarmed Combat
  2901 | D:4      | Noticed a hippogriff
  2914 | D:4      | Killed a hippogriff
  3215 | D:5      | Entered Level 5 of the Dungeon
  3273 | D:5      | Found a glowing drain.
  3282 | Sewer    | Entered a sewer
  3904 | D:5      | Noticed nht's ghost (amateur DrTm)
  3918 | D:5      | Killed nht's ghost
  3918 | D:5      | Reached skill level 8 in Unarmed Combat
  3918 | D:5      | Reached XP level 8. HP: 49/59 MP: 11/11
  4212 | D:5      | Learned a level 5 spell: Blade Hands
  4895 | D:6      | Reached skill level 9 in Unarmed Combat
  5029 | D:6      | Found a sand-covered staircase.
  5038 | Ossuary  | Entered an ossuary
  5638 | D:6      | Reached skill level 10 in Unarmed Combat
  5638 | D:6      | Reached XP level 9. HP: 34/64 MP: 10/12
  6215 | D:7      | Found a staircase to the Ecumenical Temple.
  6294 | Temple   | Entered the Ecumenical Temple
  6484 | Temple   | Became a worshipper of Ru the Awakened
  7121 | D:8      | Noticed Pikel
  7196 | D:8      | Noticed Erica
  7243 | D:7      | Learned a level 2 spell: Sticks to Snakes
  7361 | D:8      | Killed Pikel
  7361 | D:8      | Reached skill level 11 in Unarmed Combat
  7382 | D:8      | Noticed Gastronok
  7390 | D:8      | Found a flagged portal.
  7471 | Bailey   | Entered a bailey
  7517 | Bailey   | Noticed an orc sorcerer
  7527 | Bailey   | Killed an orc sorcerer
  7530 | Bailey   | Found an iron altar of Okawaru.
  7530 | Bailey   | Noticed a kobold demonologist
  7539 | Bailey   | Noticed a smoke demon
  7549 | Bailey   | Killed a kobold demonologist
  7569 | Bailey   | Reached XP level 10. HP: 43/71 MP: 3/13
  7615 | Bailey   | Got a shimmering spear
  7687 | Bailey   | Noticed an orc knight
  7696 | Bailey   | Killed an orc knight
  7696 | Bailey   | Reached skill level 12 in Unarmed Combat
  7719 | Bailey   | Gained mutation: You have somewhat slow reflexes. (EV -5) [Ru sacrifice]
  7719 | Bailey   | Reached * piety under Ru
  7719 | Bailey   | Reached ** piety under Ru
  7904 | Bailey   | HP: 3/71 [electric eel/bolt of electricity (10)]
  7905 | Bailey   | Killed from afar by an electric eel

Vault maps used:
D:1:      saegor_arrival_simple_a
D:2:      makhleb_blood_cavern_becter, lemuel_crystal_altar, first_bread
D:3:      uniq_sigmund
D:4:      grunt_dithmenos_smoke
D:5:      portal_sewer_entry_d
D:6:      lightli_ossuary_entry_decrepit_ruins
D:7:      minmay_temple_entry_crystal_x
D:8:      enter_bailey_2, uniq_gastronok, uniq_erica, uniq_pikel
Temple:   eino_temple_rhombus
Sewer:    sewer_fruit_machine
Ossuary:  ossuary_minmay_tomb_2a
Bailey:   bailey_axe_of_yendor_kennysheep, bailey

Skill      XL: |  1  2  3  4  5  6  7  8  9 10 |
---------------+-------------------------------+-----
Unarmed Combat | 4 5 6 8 10 11 12 | 12.2
Transmutations | 3 4 5 7 8 9 |  9.0
Fighting       | |  1.1
Dodging        | |  1.7
Spellcasting   | |  2.0

Action                   |  1- 3 |  4- 6 |  7- 9 | 10-12 || total
-------------------------+-------+-------+-------+-------++-------
Melee: Unarmed           |   125 |   192 |   443 |    36 ||   796
       Tailslap          |     6 |    12 |    29 |       ||    47
       Headbutt          |     1 |       |     3 |       ||     4
       Punch             |     1 |     2 |    12 |     1 ||    16
 Cast: Beastly Appendage |     1 |     1 |     1 |       ||     3
       Spider Form       |       |     3 |    13 |       ||    16
       Blade Hands       |       |       |     2 |       ||     2
Invok: Sacrifice Health  |       |       |       |     1 ||     1
Evoke: Wand              |       |       |     8 |     1 ||     9
  Use: Potion            |     1 |     2 |     8 |     2 ||    13
       Scroll            |       |     5 |    18 |       ||    23
 Stab: Sleeping          |     1 |       |       |       ||     1
       Confused          |       |       |     2 |       ||     2
  Eat: Chunk             |       |     6 |    17 |     2 ||    25
       Fruit             |       |       |     2 |       ||     2
Armor: Skin              |    27 |    67 |   127 |     5 ||   226
Dodge: Dodged            |    77 |   112 |   276 |     1 ||   466
